 Dungeon Sprint DCSS version 0.23-a0-49-gd9f7a49 (webtiles) character file.

6062 Hipnos the Imperceptible (level 10, -14/44 HPs)
             Began as a Spriggan Enchanter on Aug 6, 2018.
             Was the Champion of Jiyva.
             Demolished by a lorocyproca (27 damage)
             ... in the Dungeon (Sprint I: "Red Sonja").
             The game lasted 00:12:50 (816 turns).

Hipnos the Imperceptible (Spriggan Enchanter)        Turns: 816, Time: 00:12:50

Health: -14/44     AC:  1    Str: 10    XL:     10   Next: 57%
Magic:  12/24      EV: 28    Int: 18    God:    Jiyva [******]
Gold:   275        SH:  0    Dex: 18    Spells: 20/28 levels left

rFire    . . .     SeeInvis +   a - +1 dagger
rCold    . . .     Gourm    .   (shield restricted)
rNeg     . . .     Faith    .   b - +0 robe
rPois    .         Spirit   .   (helmet restricted)
rElec    .         Reflect  .   (no cloak)
rCorr    +         Harm     .   (gloves unavailable)
MR       +....     NoTele   +   (boots unavailable)
Stlth    +++++++++.             (no amulet)
HPRegen  0.14/turn              l - ring of see invisible
MPRegen  0.19/turn              n - +3 ring of strength

@: very quick
A: very small, unfitting armour, thin skeletal structure 1, see invisible,
clumsy 1, herbivore, speed 3, screaming 1, slow metabolism 2, strong 1, wild
magic 1, eyeballs 1, pseudopods 1, jelly absorbing missiles, no potion heal 1
a: Request Jelly, Slimify, Cure Bad Mutation, Renounce Religion


You were in the Dungeon.
You worshipped Jiyva.
Jiyva was exalted by your worship.
You were completely stuffed.

You visited 1 branch You collected 1080 gold pieces.
You spent 805 gold pieces at shops.

Inventory:

Hand Weapons
 a - a +1 dagger (weapon)
Armour
 b - a +0 robe (worn)
 k - the +1 pair of boots "Deisoll" {Regen+ Int-4 Dex+5, unknown}
   (You found it in the Dungeon)

   It affects your intelligence (-4).
   It affects your dexterity (+5).
   It increases your rate of regeneration.
Jewellery
 l - a ring of see invisible (left hand)
 n - a +3 ring of strength (right hand)
Wands
 c - a wand of random effects (30)
 i - a wand of polymorph (16)
 m - a wand of flame (14)
Scrolls
 j - 3 scrolls of blinking
Potions
 e - 3 potions of curing
 f - 2 potions of heal wounds
 g - a potion of haste
 h - 2 potions of magic
Comestibles
 d - 2 rations


   Skills:
 + Level 5.1 Short Blades
 + Level 11.9 Dodging
 * Level 26.0 Stealth
 + Level 9.5 Spellcasting
 + Level 13.4 Hexes


You had 20 spell levels left.
You knew the following spells:

 Your Spells              Type           Power        Failure   Level  Hunger
a - Corona                Hex            ######.      1%          1    None
b - Ensorcelled Hibernat  Hex/Ice        #####.       1%          2    None
c - Confuse               Hex            ######..     1%          3    None
d - Blink                 Tloc           N/A          19%         2    None

Your spell library contained the following spells:

 Spells                   Type           Power        Failure   Level  Hunger
 Teleport Other           Tloc           ##......     34%         3    None
 Tukima's Dance           Hex            ######..     1%          3    None
 Passage of Golubria      Tloc           N/A          71%         4    ###....
 Shroud of Golubria       Chrm/Tloc      ##........   19%         2    None
 Dazzling Spray           Conj/Hex       #####.       3%          3    None
 Gell's Gravitas          Tloc           ##........   34%         3    None
 Lesser Beckoning         Tloc           ##........   34%         3    None


Dungeon Overview and Level Annotations

Branches:
Dungeon (1/1)

Altars:
Cheibriados
Dithmenos
Elyvilon
Fedhas
Gozag
Hepliaklqana
Kikubaaqudgha
Makhleb
Nemelex Xobeh
Okawaru
Qazlal
Ru
Sif Muna
Trog
Uskayaw
Vehumet
Wu Jian
Xom
Yredelemnul
Zin
The Shining One
Jiyva
Lugonu

Shops:
D ?:[}?***:[*%(!*[=


Innate Abilities, Weirdness & Mutations

You are very small and have problems with some larger weapons.
You are too small for most types of armour.
You have supernaturally acute eyesight. (SInv)
You are a herbivore.
You cover ground extremely quickly.
You need to consume almost no food.
You have a somewhat thin skeletal structure. (Dex +2, Stealth)
You are clumsy. (Dex -2)
You occasionally shout uncontrollably at your foes.
Your muscles are strong. (Str +2)
Your spells are a little harder to cast, but a little more powerful.
Your body has grown golden eyes which may confuse attackers. (Acc +3)
Armour fits poorly on your pseudopods.
You have a small jelly attached to you that may absorb incoming projectiles.
Potions are less effective at restoring your health.


Message History

Your acid blob spits acid at the lorocyproca.
The splash of acid hits the lorocyproca.
The lorocyproca is splashed with acid.
The lorocyproca hits your azure jelly but does no damage.
You hear a distant slurping noise.
Jiyva alters your body.
You no longer feel cold resistant.
Jiyva appreciates your sacrifice.
You feel a little less hungry.
You feel your power returning.
You feel better.
Your acid blob hits the lorocyproca.
The lorocyproca is splashed with acid.
The acid corrodes the lorocyproca!
You open the door.
The meliai mumbles some strange prayers to its god against you.
Something smites you!
* * * LOW HITPOINT WARNING * * *
You shudder from the blast and a jelly pops out!
Your acid blob closely misses the lorocyproca.
The lorocyproca hits you!!
Ouch! That really hurt!
You die...

#############
__#......#.[#
^.'..#...##'# ##
__####.....)# #$###
###§)#####..+ #J#$###
§§§§§#..##§####^@J#y#
§≈§§§§.†#§....#..2###
≈§§.§#§§#§..^.'..$J$#
#§#####'###.§§#.....#
†...###.§§#.§.###++##
#'###.###§#§§##
....'(∩##§#.§#
#########§##+#
.....§J##.#


You could see a lorocyproca (invisible), a meliai, 2 friendly acid blobs and a
friendly azure jelly.

Vanquished Creatures
  2 centaur warriors (D)
  Sonja (D)
  2 unseen horrors (D)
  A deep troll (D)
  An oklob plant (D)
  A gargoyle (D)
  2 kobold demonologists (D)
  A demonic crawler (D)
  A hornet (D)
  Sigmund (D)
  A yak (D)
  2 redbacks (D)
  2 necrophages (D)
  An ogre (D)
  A jelly (D)
  Ijyb (D)
21 creatures vanquished.

Vanquished Creatures (collateral kills)
  2 demonic crawlers (D)
  A ballistomycete (D)
3 creatures vanquished.

Vanquished Creatures (others)
  6 shining eyes (D)
  A slime creature (D)
  5 floating eyes (D)
  5 necrophages (D)
  15 jellies (D)
  2 ballistomycete spores (D)
34 creatures vanquished.

Grand Total: 58 creatures vanquished

Notes
Turn   | Place    | Note
-------+----------+-------------------------------------------
     0 | D        | Hipnos the Spriggan Enchanter began the quest for the Orb.
     0 | D        | Reached XP level 1. HP: 9/9 MP: 5/5
     3 | D        | Noticed Ijyb
    33 | D        | Killed Ijyb
    33 | D        | Reached skill level 6 in Stealth
    33 | D        | Reached skill level 5 in Hexes
    33 | D        | Reached XP level 2. HP: 13/13 MP: 5/7
    37 | D        | Noticed an ogre
    40 | D        | Killed an ogre
    40 | D        | Reached skill level 5 in Dodging
    40 | D        | Reached skill level 10 in Stealth
    40 | D        | Reached XP level 3. HP: 13/16 MP: 6/10
    40 | D        | Reached XP level 4. HP: 17/21 MP: 6/11
    50 | D        | Noticed Sigmund
    53 | D        | Killed Sigmund
    53 | D        | Reached skill level 13 in Stealth
    53 | D        | Reached skill level 5 in Spellcasting
    53 | D        | Reached XP level 5. HP: 20/24 MP: 9/14
    53 | D        | Reached XP level 6. HP: 24/28 MP: 9/15
    65 | D        | Found an ornate altar of the Wu Jian Council.
    65 | D        | Found a deep blue altar of Sif Muna.
    67 | D        | Found a radiant altar of Vehumet.
    88 | D        | Found a viscous altar of Jiyva.
    88 | D        | Found a corrupted altar of Lugonu.
    88 | D        | Noticed a slime creature
    89 | D        | Found a burning altar of Makhleb.
    89 | D        | Found a shimmering altar of Xom.
    91 | D        | Became a worshipper of Jiyva Jupneato the Shapeless
    98 | D        | Reached * piety under Jiyva
   122 | D        | Found Iveodghuti's Book Emporium.
   122 | D        | Found an ancient bone altar of Kikubaaqudgha.
   122 | D        | Found a hazy altar of Hepliaklqana.
   122 | D        | Found a stormy altar of Qazlal.
   122 | D        | Found a hide-covered altar of Uskayaw.
   122 | D        | Found a blossoming altar of Fedhas.
   122 | D        | Found a bloodstained altar of Trog.
   122 | D        | Found an iron altar of Okawaru.
   122 | D        | Found a basalt altar of Yredelemnul.
   122 | D        | Found a glowing golden altar of the Shining One.
   122 | D        | Found a snail-covered altar of Cheibriados.
   122 | D        | Found a sacrificial altar of Ru.
   122 | D        | Found a glowing silver altar of Zin.
   122 | D        | Found a shadowy altar of Dithmenos.
   122 | D        | Found a white marble altar of Elyvilon.
   122 | D        | Noticed a yak
   123 | D        | Found an opulent altar of Gozag.
   124 | D        | Killed a yak
   124 | D        | Reached skill level 15 in Stealth
   124 | D        | Reached skill level 10 in Hexes
   125 | D        | Found a sparkling altar of Nemelex Xobeh.
   140 | D        | Noticed Sonja
   144 | D        | Killed Sonja
   144 | D        | Reached skill level 18 in Stealth
   144 | D        | Reached XP level 7. HP: 32/32 MP: 17/19
   144 | D        | Reached XP level 8. HP: 36/36 MP: 17/20
   156 | D        | Noticed a deep troll
   160 | D        | Killed a deep troll
   160 | D        | Reached skill level 19 in Stealth
   172 | D        | Found Wuinung's Armour Emporium.
   187 | D        | Reached ** piety under Jiyva
   192 | D        | Found Mippea's Magic Scroll Boutique.
   235 | D        | Noticed a kobold demonologist
   236 | D        | Noticed a kobold demonologist
   238 | D        | Killed a kobold demonologist
   238 | D        | Reached skill level 20 in Stealth
   240 | D        | Killed a kobold demonologist
   240 | D        | Reached XP level 9. HP: 39/39 MP: 22/22
   243 | D        | Reached *** piety under Jiyva
   246 | D        | Noticed a demonic crawler
   246 | D        | Noticed a demonic crawler
   246 | D        | Noticed a demonic crawler
   246 | D        | Noticed a demonic crawler
   247 | D        | Gained mutation: You have large cloven feet. [Jiyva's grace]
   249 | D        | Reached **** piety under Jiyva
   250 | D        | Gained mutation: You are robust. (+10% HP) [Jiyva's grace]
   260 | D        | Reached ***** piety under Jiyva
   267 | D        | Lost mutation: You have large cloven feet. [Jiyva's grace]
   284 | D        | Lost mutation: You are robust. (+10% HP) [Jiyva's grace]
   487 | D        | Noticed a centaur warrior
   489 | D        | Noticed a centaur warrior
   491 | D        | Killed a centaur warrior
   491 | D        | Reached skill level 10 in Dodging
   491 | D        | Reached skill level 22 in Stealth
   493 | D        | Killed a centaur warrior
   493 | D        | Reached skill level 23 in Stealth
   515 | D        | Noticed an oklob plant
   517 | D        | Killed an oklob plant
   517 | D        | Reached XP level 10. HP: 44/44 MP: 24/24
   527 | D        | Reached skill level 24 in Stealth
   531 | D        | Gained mutation: You occasionally shout uncontrollably at your foes. [Jiyva's grace]
   537 | D        | Gained mutation: You have sharp fingernails. [Jiyva's grace]
   538 | D        | Reached ****** piety under Jiyva
   539 | D        | Lost mutation: You occasionally shout uncontrollably at your foes. [Jiyva's grace]
   543 | D        | Killed a shining eye
   544 | D        | Gained mutation: You are frail. (-10% HP) [Jiyva's grace]
   549 | D        | Noticed an unseen horror
   549 | D        | Noticed an unseen horror
   554 | D        | Gained mutation: Your body has grown golden eyes which may confuse attackers. (Acc +3) [Jiyva's grace]
   555 | D        | Killed an unseen horror
   557 | D        | Killed an unseen horror
   557 | D        | Reached skill level 25 in Stealth
   559 | D        | Lost mutation: You are frail. (-10% HP) [Jiyva's grace]
   561 | D        | Found Ment's Gadget Shoppe.
   561 | D        | Found Waribiqu's Distillery.
   562 | D        | Found Usu Cea's Magic Scroll Boutique.
   562 | D        | Found Ceraf's General Store.
   562 | D        | Lost mutation: You have sharp fingernails. [Jiyva's grace]
   563 | D        | Found Vorren's Jewellery Emporium.
   569 | D        | Got a pair of faintly glowing boots
   569 | D        | Gained mutation: You have a somewhat thin skeletal structure. (Dex +2, Stealth) [Jiyva's grace]
   575 | D        | Killed a shining eye
   581 | D        | Gained mutation: Potions are less effective at restoring your health. [Jiyva's grace]
   584 | D        | Found Puhevvas's Antique Armour Shop.
   584 | D        | Gained mutation: Your flesh is cold resistant. (rC+) [Jiyva's grace]
   584 | D        | Gained mutation: You occasionally shout uncontrollably at your foes. [Jiyva's grace]
   587 | D        | Found Poha's Assorted Antiques.
   587 | D        | Found Cupnats's General Store.
   587 | D        | Found Oqosy's Assorted Antiques.
   587 | D        | Found Fifuont's Book Boutique.
   587 | D        | Found Gagume's Antique Armour Emporium.
   587 | D        | Found Jyasidgh's Assorted Antiques.
   587 | D        | Found Syoxyczu's Food Shoppe.
   591 | D        | Bought a scroll of blinking for 90 gold pieces
   591 | D        | Found Qyish's Antique Weapon Boutique.
   595 | D        | Bought a book of Spatial Translocations for 715 gold pieces
   613 | D        | Learned a level 2 spell: Ensorcelled Hibernation
   619 | D        | Gained mutation: You have a small jelly attached to you that may absorb incoming projectiles. [Jiyva's grace]
   621 | D        | Killed a shining eye
   634 | D        | Learned a level 3 spell: Confuse
   637 | D        | Learned a level 2 spell: Blink
   673 | D        | Killed a shining eye
   715 | D        | Killed a shining eye
   761 | D        | Reached skill level 5 in Short Blades
   765 | D        | Killed a shining eye
   776 | D        | Noticed a gargoyle
   790 | D        | Killed a gargoyle
   790 | D        | Reached skill level 26 in Stealth
   799 | D        | Noticed a lorocyproca
   799 | D        | Gained mutation: Armour fits poorly on your pseudopods. [Jiyva's grace]
   805 | D        | Gained mutation: You are clumsy. (Dex -2) [Jiyva's grace]
   809 | D        | Gained mutation: Your muscles are strong. (Str +2) [Jiyva's grace]
   813 | D        | Gained mutation: Your spells are a little harder to cast, but a little more powerful. [Jiyva's grace]
   814 | D        | Lost mutation: Your flesh is cold resistant. (rC+) [Jiyva's grace]
   816 | D        | Demolished by a lorocyproca

Vault maps used:
D:        dungeon_sprint_1

Skill      XL: |  1  2  3  4  5  6  7  8  9 10 |
---------------+-------------------------------+-----
Dodging        | 4 5 6 8 9 10 11 | 11.9
Stealth        | 6 10 13 18 20 23 26 | 26.0
Spellcasting   | 3 4 5 7 8 9 |  9.5
Hexes          | 5 7 9 11 12 13 | 13.4
Short Blades   | 2 3 5 |  5.1

Action                   |  1- 3 |  4- 6 |  7- 9 | 10-12 || total
-------------------------+-------+-------+-------+-------++-------
Melee: Dagger            |    27 |     4 |    12 |    23 ||    66
 Cast: Confuse           |       |       |       |     3 ||     3
       Blink             |       |       |       |     1 ||     1
Invok: Slimify           |       |       |     3 |       ||     3
  Use: Potion            |     1 |       |       |     1 ||     2
 Stab: Sleeping          |     1 |     4 |     7 |     4 ||    16
       Distracted        |       |       |       |     2 ||     2
       Confused          |       |       |       |     1 ||     1
Armor: Robe              |     1 |       |     1 |       ||     2
Dodge: Dodged            |    20 |       |    34 |    50 ||   104

Table legend:
 A = Spawn XP
 B = Non-spawn XP
 C = Spawn XP percentage of total XP
 D = Spawn monster count
 E = Non-spawn monster count
 F = Spawn count percentage of total count
 G = Total turns spent on level
                    A         B        C        D         E        F      G
               +---------+---------+-------+---------+---------+-------+---------
         Total |       0 |    8661 |   0.0 |       0 |      24 |   0.0 |   816
               +---------+---------+-------+---------+---------+-------+---------
             D |       0 |    8661 |   0.0 |       0 |      24 |   0.0 |   816
               +---------+---------+-------+---------+---------+-------+---------
